EVO
RICE UNIVERSITY OWLS @ VANDERBILT UNIVERSITY COMMODORES
08/03/2049
 
TOP OF THE 1ST
Rice University Owls batting - Pitching for Vanderbilt University Commodores : RHP Milutin Mladjenovic
Pitching: RHP Milutin Mladjenovic
Batting: RHB Caleb Mercer 0-0: Fly out, F3 (Line Drive, 3L, EV 68.8 MPH)
Batting: LHB Chris Gonzales 0-0: Called Strike
0-1: Foul Ball, location: 2F
0-2: Ball
1-2: Foul Ball, location: 2F
1-2: Foul Ball, location: 2F
1-2: Ball
2-2: Ball
3-2: Base on Balls
Batting: SHB Ken Wilson 0-0: Ball
Chris Gonzales steals 2nd base (no throw)
1-0: Foul Ball, location: 2F
1-1: Foul Ball, location: 2F
1-2: Ball
2-2: Ball
3-2: Foul Ball, location: 2F
3-2: SINGLE (Groundball, 4MD, EV 99.4 MPH)
Chris Gonzales to third
Runner from 3rd tries for Home, SAFE, throw by CF to home
Ken Wilson to second
Batting: RHB Bill Turcotte 0-0: SINGLE (Groundball, 56D, EV 106.9 MPH)
Ken Wilson to third
Batting: SHB Wendel van Baal 0-0: Ball
1-0: Foul Ball, location: 2F
1-1: Foul Ball, location: 2F
1-2: Foul Ball, location: 2F
1-2: Fly out, F8 (Flyball, 89M, EV 85.0 MPH)
Runner from 3rd tags up, SCORES, throw by CF
Batting: RHB Allen Jarvis 0-0: Foul Ball, location: 2F
0-1: Ball
1-1: Called Strike
1-2: Ground out 1-3 (Groundball, 34S, EV 70.0 MPH)
Top of the 1st over - 2 runs, 2 hits, 0 errors, 1 left on base; Rice University 2 - Vanderbilt University 0
BOTTOM OF THE 1ST
Vanderbilt University Commodores batting - Pitching for Rice University Owls : RHP Jose Chavez
Pitching: RHP Jose Chavez
Batting: RHB Brian Pflughoeft 0-0: Ball
1-0: Ball
2-0: Foul Ball, location: 2F
2-1: Ground out U3 (Groundball, 3, EV 86.2 MPH)
Batting: RHB Takashi Takeuchi 0-0: Foul Ball, location: 2F
0-1: Ball
1-1: Ball
2-1: Called Strike
2-2: Foul Ball, location: 2F
2-2: Strikes out looking
Batting: RHB Edgar Fernandez 0-0: Foul Ball, location: 2F
0-1: Ball
1-1: Ball
2-1: DOUBLE (Groundball, 5L, EV 110.0 MPH)
Batting: RHB Jose Ramos 0-0: Called Strike
0-1: Foul Ball, location: 2F
0-2: Foul Ball, location: 2F
0-2: Foul Ball, location: 2F
0-2: Foul Ball, location: 2F
0-2: SINGLE (Line Drive, 34D, EV 105.6 MPH)
Edgar Fernandez to third
Runner from 3rd tries for Home, SAFE, throw by RF to home
Batting: LHB Tokito Ishizaki 0-0: Called Strike
0-1: Ground out 5-3 (Groundball, 56S, EV 88.1 MPH)
Bottom of the 1st over - 1 run, 2 hits, 0 errors, 1 left on base; Rice University 2 - Vanderbilt University 1
TOP OF THE 2ND
Rice University Owls batting - Pitching for Vanderbilt University Commodores : RHP Milutin Mladjenovic
Batting: RHB Emanuel Pulido 0-0: Ball
1-0: Called Strike
1-1: Ball
2-1: Foul Ball, location: 2F
2-2: Foul Ball, location: 2F
2-2: Ball
3-2: Strikes out looking
Batting: RHB Brock Ti 0-0: Ground out 4-3 (Groundball, 4, EV 85.0 MPH)
Batting: RHB Jim Grosso 0-0: Called Strike
0-1: Foul Ball, location: 2F
0-2: DOUBLE (Flyball, 89D, EV 100.0 MPH)
Batting: RHB Caleb Mercer 0-0: TRIPLE (Flyball, 78XD, EV 90.6 MPH)
Jim Grosso scores
Batting: LHB Chris Gonzales 0-0: Called Strike
0-1: Ground out 5-3 (Groundball, 5L, EV 83.1 MPH)
Top of the 2nd over - 1 run, 2 hits, 0 errors, 1 left on base; Rice University 3 - Vanderbilt University 1
BOTTOM OF THE 2ND
Vanderbilt University Commodores batting - Pitching for Rice University Owls : RHP Jose Chavez
Batting: SHB D.J. Davis 0-0: Foul Ball, location: 2F
0-1: SINGLE (Line Drive, 56D, EV 100.6 MPH)
Batting: RHB Min Tann 0-0: Ball
1-0: Called Strike
1-1: Ball
2-1: Foul Ball, location: 2F
2-2: Strikes out swinging
Batting: RHB Pakiana Kileona 0-0: Fly out, F8 (Line Drive, 8RD, EV 90.0 MPH)
Batting: SHB Robbie Glover 0-0: Called Strike
0-1: Swinging Strike
0-2: Strikes out swinging
Bottom of the 2nd over - 0 runs, 1 hit, 0 errors, 1 left on base; Rice University 3 - Vanderbilt University 1
TOP OF THE 3RD
Rice University Owls batting - Pitching for Vanderbilt University Commodores : RHP Milutin Mladjenovic
Batting: SHB Ken Wilson 0-0: Ball
1-0: Called Strike
1-1: Ball
2-1: Ball
3-1: Base on Balls
Batting: RHB Bill Turcotte 0-0: Ball
1-0: Called Strike
1-1: Swinging Strike
1-2: Ball
2-2: Fielders Choice at 2nd, 6-4 (Groundball, 6, EV 79.4 MPH)
Batting: SHB Wendel van Baal 0-0: Fly out, F7 (Line Drive, 7, EV 100.0 MPH)
Batting: RHB Allen Jarvis 0-0: Ball
1-0: Ball
2-0: Called Strike
2-1: Fly out, F9 (Line Drive, 9, EV 99.4 MPH)
Top of the 3rd over - 0 runs, 0 hits, 0 errors, 1 left on base; Rice University 3 - Vanderbilt University 1
BOTTOM OF THE 3RD
Vanderbilt University Commodores batting - Pitching for Rice University Owls : RHP Jose Chavez
Batting: RHB Brian Pflughoeft 0-0: Foul Ball, location: 2F
0-1: Ball
1-1: Ball
2-1: Ball
3-1: Ground out 5-3 (Groundball, 5, EV 79.4 MPH)
Batting: RHB Takashi Takeuchi 0-0: Ball
1-0: Called Strike
1-1: Fly out, F8 (Flyball, 8RD, EV 105.0 MPH)
Batting: RHB Edgar Fernandez 0-0: Ball
1-0: Ball
2-0: Ball
3-0: Called Strike
3-1: Base on Balls
Batting: RHB Jose Ramos 0-0: Foul Ball, location: 2F
0-1: Ball
1-1: Ball
2-1: Ball
3-1: Base on Balls
Edgar Fernandez to second
Batting: LHB Tokito Ishizaki 0-0: Swinging Strike
0-1: Called Strike
0-2: Ball
1-2: Ball
2-2: Ball
3-2: Foul Ball, location: 2F
3-2: Base on Balls
Edgar Fernandez to third
Jose Ramos to second
Batting: SHB D.J. Davis 0-0: Swinging Strike
0-1: Swinging Strike
0-2: Ball
1-2: Ball
2-2: Ball
3-2: Strikes out swinging
Bottom of the 3rd over - 0 runs, 0 hits, 0 errors, 3 left on base; Rice University 3 - Vanderbilt University 1
TOP OF THE 4TH
Rice University Owls batting - Pitching for Vanderbilt University Commodores : RHP Milutin Mladjenovic
Batting: RHB Emanuel Pulido 0-0: Ball
1-0: Called Strike
1-1: Foul Ball, location: 2F
1-2: Strikes out swinging
Batting: RHB Brock Ti 0-0: Fly out, F8 (Line Drive, 8LD, EV 91.9 MPH)
Batting: RHB Jim Grosso 0-0: Called Strike
0-1: Ball
1-1: Foul Ball, location: 2F
1-2: Ball
2-2: DOUBLE (Groundball, 5L, EV 101.9 MPH)
Pinch Hitting: RHB Jose Soto 0-0: Foul Ball, location: 2F
0-1: SINGLE (Flyball, 9LS, EV 96.2 MPH)
Jim Grosso to third
Runner from 3rd tries for Home, SAFE, throw by RF to home
Batting: LHB Chris Gonzales 0-0: Called Strike
0-1: Foul Ball, location: 2F
0-2: Ground out U3 (Groundball, 34, EV 92.5 MPH)
Top of the 4th over - 1 run, 2 hits, 0 errors, 1 left on base; Rice University 4 - Vanderbilt University 1
BOTTOM OF THE 4TH
Vanderbilt University Commodores batting - Pitching for Rice University Owls : RHP Jose Chavez
Now in LF: Jose Soto
Now in RF: Brock Ti
Batting: RHB Min Tann 0-0: Foul Ball, location: 2F
0-1: Called Strike
0-2: Ball
1-2: Strikes out swinging
Batting: RHB Pakiana Kileona 0-0: Ball
1-0: Ball
2-0: Ground out 5-3 (Groundball, 56, EV 103.8 MPH)
Batting: SHB Robbie Glover 0-0: Called Strike
0-1: Ground out 4-3 (Groundball, 4M, EV 103.8 MPH)
Bottom of the 4th over - 0 runs, 0 hits, 0 errors, 0 left on base; Rice University 4 - Vanderbilt University 1
TOP OF THE 5TH
Rice University Owls batting - Pitching for Vanderbilt University Commodores : RHP Milutin Mladjenovic
Now at 1B: Paul Johnson
Now at 3B: Ruben Reyna
Now in RF: Josh Jett
Batting: SHB Ken Wilson 0-0: Ball
1-0: Called Strike
1-1: Foul Ball, location: 2F
1-2: Foul Ball, location: 2F
1-2: Strikes out looking
Batting: RHB Bill Turcotte 0-0: Ball
1-0: Ball
2-0: Called Strike
2-1: Fly out, F2 (Popup, 15S, EV 80.6 MPH)
Pinch Hitting: RHB Nick Biel 0-0: Called Strike
0-1: Called Strike
0-2: Ball
1-2: Strikes out swinging
Top of the 5th over - 0 runs, 0 hits, 0 errors, 0 left on base; Rice University 4 - Vanderbilt University 1
BOTTOM OF THE 5TH
Vanderbilt University Commodores batting - Pitching for Rice University Owls : RHP Jose Chavez
Pitching: RHP Antonio Ybarra
Now at 1B: Neil Worth
Batting: RHB Brian Pflughoeft 0-0: Ball
1-0: Called Strike
1-1: Swinging Strike
1-2: Foul Ball, location: 2F
1-2: Ball
2-2: Foul Ball, location: 2F
2-2: Strikes out swinging
Batting: RHB Takashi Takeuchi 0-0: Ball
1-0: Called Strike
1-1: Swinging Strike
1-2: Ball
2-2: Foul Ball, location: 2F
2-2: Ground out U3 (Groundball, 3L, EV 82.5 MPH)
Batting: RHB Paul Johnson 0-0: Ball
1-0: Fly out, F8 (Flyball, 8RM, EV 80.0 MPH)
Bottom of the 5th over - 0 runs, 0 hits, 0 errors, 0 left on base; Rice University 4 - Vanderbilt University 1
TOP OF THE 6TH
Rice University Owls batting - Pitching for Vanderbilt University Commodores : RHP Milutin Mladjenovic
Pitching: RHP Bill Mata
Now at C: Sam Kerwin
Now at 2B: En-lai Kong
Pinch Hitting: RHB Javier Quinones 0-0: Fly out, F8 (Flyball, 8LM, EV 96.2 MPH)
Batting: RHB Emanuel Pulido 0-0: Swinging Strike
0-1: DOUBLE (Line Drive, 89M, EV 93.1 MPH)
Batting: RHB Brock Ti 0-0: Foul Ball, location: 2F
0-1: Fly out, F7 (Flyball, 7D, EV 91.2 MPH)
Batting: RHB Jim Grosso 0-0: Called Strike
0-1: Ball
1-1: DOUBLE (Line Drive, 7LD, EV 102.5 MPH)
Emanuel Pulido scores
Batting: RHB Jose Soto 0-0: Ball
1-0: Swinging Strike
1-1: Called Strike
1-2: Ground out 6-3 (Groundball, 6, EV 80.0 MPH)
Top of the 6th over - 1 run, 2 hits, 0 errors, 1 left on base; Rice University 5 - Vanderbilt University 1
BOTTOM OF THE 6TH
Vanderbilt University Commodores batting - Pitching for Rice University Owls : RHP Antonio Ybarra
Pitching: RHP Dejenie Mensah
Now at 2B: Alex Alvarez
Now at SS: Javier Quinones
Batting: RHB Jose Ramos 0-0: Foul Ball, location: 2F
0-1: Fly out, F9 (Line Drive, 9, EV 103.8 MPH)
Batting: RHB Ruben Reyna 0-0: Ball
1-0: Foul Ball, location: 2F
1-1: Ball
2-1: Ball
3-1: Base on Balls
Batting: RHB En-lai Kong 0-0: Called Strike
0-1: Foul Ball, location: 2F
0-2: Ball
1-2: Strikes out looking
Batting: RHB Min Tann 0-0: Foul Ball, location: 2F
0-1: Fly out, F9 (Flyball, 9D, EV 101.2 MPH)
Bottom of the 6th over - 0 runs, 0 hits, 0 errors, 1 left on base; Rice University 5 - Vanderbilt University 1
TOP OF THE 7TH
Rice University Owls batting - Pitching for Vanderbilt University Commodores : RHP Bill Mata
Pitching: LHP Lothar Wendelin
Batting: LHB Chris Gonzales 0-0: Ball
1-0: Ball
2-0: Ball
3-0: Base on Balls
Batting: RHB Michael Benford 0-0: Called Strike
Chris Gonzales steals 2nd base
0-1: Ball
1-1: Ball
2-1: Ground out 3-1 (Groundball, 34, EV 106.9 MPH)
Chris Gonzales to third
Batting: RHB Bill Turcotte 0-0: Ball
1-0: Foul Ball, location: 2F
1-1: Ball
Wild Pitch!
Chris Gonzales scores
2-1: Ball
3-1: Base on Balls
Batting: RHB Neil Worth 0-0: Called Strike
0-1: Swinging Strike
0-2: Foul Ball, location: 2F
0-2: Foul Ball, location: 2F
0-2: Strikes out swinging
Batting: RHB Javier Quinones 0-0: Ball
1-0: Called Strike
1-1: Ball
2-1: Foul Ball, location: 2F
2-2: Strikes out swinging
Top of the 7th over - 1 run, 0 hits, 0 errors, 1 left on base; Rice University 6 - Vanderbilt University 1
BOTTOM OF THE 7TH
Vanderbilt University Commodores batting - Pitching for Rice University Owls : RHP Dejenie Mensah
Batting: RHB Sam Kerwin 0-0: Ground out U3 (Groundball, 3L, EV 111.2 MPH)
Batting: LHB Josh Jett 0-0: Ground out 4-3 (Groundball, 4, EV 105.6 MPH)
Batting: RHB Brian Pflughoeft 0-0: Called Strike
0-1: Fly out, F7 (Flyball, 78M, EV 82.5 MPH)
Bottom of the 7th over - 0 runs, 0 hits, 0 errors, 0 left on base; Rice University 6 - Vanderbilt University 1
TOP OF THE 8TH
Rice University Owls batting - Pitching for Vanderbilt University Commodores : LHP Lothar Wendelin
Pitching: LHP Ethan Roberson
Batting: RHB Alex Alvarez 0-0: Ball
1-0: Called Strike
1-1: SINGLE (Line Drive, 7S, EV 84.4 MPH)
Batting: RHB Brock Ti 0-0: Foul Ball, location: 2F
0-1: Called Strike
0-2: DOUBLE (Line Drive, 78D, EV 104.4 MPH)
Alex Alvarez to third
Batting: RHB Jim Grosso 0-0: Called Strike
0-1: Hit by Pitch
Batting: RHB Jose Soto 0-0: Ball
1-0: Foul Ball, location: 2F
1-1: Swinging Strike
1-2: Strikes out swinging
Batting: LHB Chris Gonzales 0-0: Ball
Wild Pitch!
Alex Alvarez scores
Brock Ti to third
Jim Grosso to second
1-0: Ball
2-0: Swinging Strike
2-1: Ball
3-1: Base on Balls
Pitching: RHP Craig Wayne
Batting: RHB Michael Benford 0-0: Ball
1-0: SINGLE (Line Drive, 6D, EV 99.4 MPH)
Brock Ti scores
Jim Grosso to third
Chris Gonzales to second
Batting: RHB Bill Turcotte 0-0: Called Strike
0-1: Called Strike
0-2: Fly out, F9 (Flyball, 89M, EV 83.8 MPH)
Runner from 3rd tags up, SCORES, throw by RF
Batting: RHB Neil Worth 0-0: Called Strike
0-1: Called Strike
0-2: Strikes out swinging
Top of the 8th over - 3 runs, 3 hits, 0 errors, 2 left on base; Rice University 9 - Vanderbilt University 1
BOTTOM OF THE 8TH
Vanderbilt University Commodores batting - Pitching for Rice University Owls : RHP Dejenie Mensah
Pitching: RHP Manny Herrera
Batting: RHB Takashi Takeuchi 0-0: Ball
1-0: Ball
2-0: Called Strike
2-1: Foul Ball, location: 2F
2-2: Ball
3-2: Base on Balls
Batting: RHB Paul Johnson 0-0: Called Strike
0-1: SINGLE (Flyball, 7S, EV 89.4 MPH)
Takashi Takeuchi to second
Batting: RHB Jose Ramos 0-0: SINGLE (Groundball, 6, EV 103.1 MPH)
Takashi Takeuchi to third
Paul Johnson to second
Runner from 3rd tries for Home, SAFE, throw by LF to home
Batting: RHB Ruben Reyna 0-0: Called Strike
0-1: Fielders Choice at 2nd, 3-6 (Groundball, 34, EV 97.5 MPH)
Paul Johnson to third
Batting: RHB En-lai Kong 0-0: Ball
1-0: Called Strike
1-1: Foul Ball, location: 2F
1-2: Ball
2-2: Ball
3-2: Foul Ball, location: 2F
3-2: Fly out, F8 (Line Drive, 8LM, EV 86.9 MPH)
Runner from 3rd tags up, SCORES, throw by CF
Batting: RHB Min Tann 0-0: Ball
1-0: SINGLE (Groundball, 4MD, EV 107.5 MPH)
Ruben Reyna to second
Batting: RHB Sam Kerwin 0-0: DOUBLE (Groundball, 5L, EV 96.9 MPH)
Ruben Reyna scores
Min Tann to third
Pitching: RHP Dong-ook Yaung
Batting: LHB Josh Jett 0-0: Fly out, F9 (Flyball, 89D, EV 100.6 MPH)
Bottom of the 8th over - 3 runs, 4 hits, 0 errors, 2 left on base; Rice University 9 - Vanderbilt University 4
TOP OF THE 9TH
Rice University Owls batting - Pitching for Vanderbilt University Commodores : RHP Craig Wayne
Pitching: LHP Norm Franklin
Batting: RHB Javier Quinones 0-0: Foul Ball, location: 2F
0-1: Ball
1-1: Called Strike
1-2: Ball
2-2: Ball
3-2: Foul Ball, location: 2F
3-2: Base on Balls
Batting: RHB Alex Alvarez 0-0: Ball
1-0: Called Strike
1-1: Ball
Passed Ball!
Javier Quinones to second
2-1: Called Strike
2-2: Strikes out looking
Batting: RHB Brock Ti 0-0: Called Strike
0-1: Ball
1-1: Called Strike
1-2: Fly out, F8 (Flyball, 8RD, EV 100.0 MPH)
Batting: RHB Jim Grosso 0-0: Fly out, F8 (Flyball, 8LD, EV 91.9 MPH)
Top of the 9th over - 0 runs, 0 hits, 0 errors, 1 left on base; Rice University 9 - Vanderbilt University 4
BOTTOM OF THE 9TH
Vanderbilt University Commodores batting - Pitching for Rice University Owls : RHP Dong-ook Yaung
Pitching: RHP Kenny Kirk
Batting: RHB Brian Pflughoeft 0-0: Called Strike
0-1: Called Strike
0-2: Strikes out swinging
Batting: RHB Takashi Takeuchi 0-0: Ground out 6-3 (Groundball, 6, EV 83.1 MPH)
Pitching: RHP Nate Gulley
Batting: RHB Paul Johnson 0-0: Fly out, F9 (Flyball, 9LM, EV 95.0 MPH)
Bottom of the 9th over - 0 runs, 0 hits, 0 errors, 0 left on base; Rice University 9 - Vanderbilt University 4
Sunday, July 16th , 2023 - OOTP Baseball 24.6 Build 69